AoeStats
← ibreks

Arena

509783661Analyzed
4v4 RM · 6d ago on Sep 28, 2026· 63m 50s· 8 players
Game mode
Random Map
Map size
Large (8 player)
Population
200
Speed
Normal
Resources
Standard
Victory
Conquest
Starting age
Dark Age
Ending age
Imperial Age
RankedLock teamsTeams togetherTeam positionsShared explorationLock speedFull tech treeHidden civsTurbo modeCheats
Victory
Defeat
🇦🇷 Poles · Argentina
676
+16
🇦🇷 Turks · Argentina
659
+17
🇵🇪 Britons · Peru
653
+17
🇦🇷 Persians · Argentina
595
+19
🇺🇸 Danes · United States
716
-18
🇺🇸 Danes · United States
684
-18
🇮🇳 Teutons · India
655
-17
🇨🇳 Byzantines · China
636
-16
l.zevallos
4:03 Loom
10:42 Feudal Age
11:37 Double-Bit Axe
11:33 Horse Collar
19:19 Castle Age
17:39 Gold Mining
19:05 Fletching
19:16 Padded Archer Armor
20:15 Bow Saw
20:08 Heavy Plow
21:13 Wheelbarrow
23:49 Caravan
26:05 Bodkin Arrow
26:26 Leather Archer Armor
27:17 Crossbowman
29:09 Ballistics
38:52 Imperial Age
36:38 Hand Cart
36:09 Town Watch
39:05 Arbalester
39:47 Bracer
42:19 Yeomen
42:42 Hoardings
42:28 Conscription
42:56 Ring Archer Armor
45:13 Chemistry
44:10 Murder Holes
44:26 Fortified Wall
46:17 Gold Shaft Mining
45:33 Stone Mining
47:16 Two-Man Saw
46:10 Treadmill Crane
46:43 Masonry
47:37 Town Patrol
48:14 Warwolf
49:44 Architecture
49:12 Guard Tower
50:18 Elite Longbowman
54:12 Capped Ram
braianbarrientos97
10:31 Feudal Age
12:23 Wheelbarrow
13:24 Double-Bit Axe
20:26 Castle Age
18:50 Stone Mining
20:27 Gold Mining
24:04 Stone Shaft Mining
23:38 Caravan
25:34 Loom
26:25 Wheelbarrow
26:23 Coinage
29:51 Kamandaran
38:21 Pikeman
46:45 Elite Skirmisher
49:27 Crossbowman
52:54 Thumb Ring
53:15 Parthian Tactics
55:18 Squires
55:04 Gambesons
56:03 Bow Saw
59:33 Forging
59:13 Fletching
59:24 Scale Mail Armor
59:30 Scale Barding Armor
59:26 Padded Archer Armor
61:03 Ballistics
60:52 Heated Shot
Tsunami
10:29 Feudal Age
9:51 Loom
12:07 Wheelbarrow
17:24 Castle Age
15:33 Double-Bit Axe
16:56 Horse Collar
18:23 Hand Cart
18:45 Bow Saw
18:59 Heavy Plow
25:20 Imperial Age
24:21 Fletching
24:32 Padded Archer Armor
24:42 Stone Mining
24:42 Gold Mining
26:25 Conscription
27:28 Bodkin Arrow
27:48 Leather Archer Armor
32:33 Bracer
33:25 Gold Shaft Mining
33:26 Artillery
34:39 Ring Archer Armor
36:36 Ballistics
55:49 Bombard Tower
Narubl
8:22 Loom
10:59 Feudal Age
12:52 Double-Bit Axe
12:50 Horse Collar
20:27 Castle Age
18:51 Gold Mining
18:56 Stone Mining
21:31 Wheelbarrow
22:08 Town Watch
22:48 Heavy Plow
23:51 Bow Saw
25:25 Hand Cart
27:28 Szlachta Privileges
28:32 Fletching
28:41 Man-at-Arms
33:29 Bodkin Arrow
36:18 Imperial Age
34:01 Treadmill Crane
34:41 Ballistics
35:41 Caravan
35:54 Forging
35:25 Long Swordsman
36:07 Squires
36:12 Padded Archer Armor
36:53 Bloodlines
36:43 Husbandry
37:15 Scale Barding Armor
37:12 Scale Mail Armor
38:09 Thumb Ring
38:35 Fortified Wall
38:36 Masonry
42:02 Light Cavalry
42:04 Cavalier
44:28 Conscription
44:00 Crossbowman
44:02 Elite Skirmisher
44:22 Pikeman
44:49 Arson
46:21 Chemistry
45:17 Murder Holes
44:46 Capped Ram
46:12 Elite Obuch
47:15 Heavy Mounted Crossbowman
49:55 Stone Shaft Mining
49:29 Bracer
49:47 Leather Archer Armor
48:55 Two-Handed Swordsman
52:24 Lechitic Legacy
53:36 Chain Barding Armor
55:26 Hoardings
55:57 Champion
58:05 Winged Hussar
60:37 Coinage
ibreks
10:57 Feudal Age
9:48 Loom
12:01 Horse Collar
13:16 Double-Bit Axe
18:10 Castle Age
16:55 Stone Mining
19:01 Bow Saw
21:04 Wheelbarrow
24:59 Hand Cart
25:04 Heavy Plow
29:48 Town Watch
32:41 Scale Mail Armor
32:52 Forging
32:34 Fletching
32:44 Padded Archer Armor
35:00 Chain Mail Armor
35:20 Iron Casting
36:16 Ballistics
35:52 Murder Holes
36:56 Bodkin Arrow
37:01 Padded Archer Armor
37:47 Thumb Ring
37:03 Elite Skirmisher
45:54 Imperial Age
44:01 Leather Archer Armor
StrawbrryShakes
1:18 Loom
5:57 Loom
12:58 Feudal Age
14:15 Wheelbarrow
14:20 Double-Bit Axe
17:20 Gold Mining
21:15 Castle Age
20:10 Stone Mining
20:03 Horse Collar
21:45 Gambesons
22:02 Squires
22:58 Heavy Plow
28:20 Gold Shaft Mining
31:00 Bow Saw
32:15 Hand Cart
31:51 Town Watch
36:20 Imperial Age
34:10 Scale Mail Armor
35:33 Town Patrol
37:02 Squires
37:44 Forging
37:51 Chain Mail Armor
39:05 Arson
38:52 Elite Varangian Guard
39:39 Man-at-Arms
40:59 Iron Casting
40:22 Long Swordsman
42:03 Conscription
41:48 Hamask
44:06 Blast Furnace
43:37 Plate Mail Armor
42:31 Two-Handed Swordsman
43:45 Champion
46:08 Pikeman
49:12 Halberdier
hangover
0:36 Loom
12:00 Feudal Age
12:30 Horse Collar
12:38 Double-Bit Axe
15:03 Gold Mining
15:11 Stone Mining
22:58 Castle Age
21:02 Arson
21:14 Man-at-Arms
27:48 Caravan
28:18 Coinage
37:41 Town Watch
40:32 Bow Saw
42:54 Ballistics
43:50 Heated Shot
48:10 Imperial Age
46:57 Pikeman
49:53 Chemistry
53:46 Heavy Scorpion
56:02 Two-Man Saw
55:06 Heavy Plow
55:30 Bloodlines
58:08 Cavalier
2824533090
11:01 Feudal Age
19:57 Castle Age
22:49 Double-Bit Axe
25:08 Horse Collar
26:40 Stone Mining
29:56 Gold Mining
30:42 Stone Shaft Mining
30:57 Bow Saw
36:12 Imperial Age
36:19 Imperial Age
34:47 Gold Shaft Mining
34:50 Wheelbarrow
34:28 Scale Mail Armor
34:38 Forging
34:34 Scale Barding Armor
34:19 Fletching
34:30 Padded Archer Armor
35:51 Hand Cart
36:41 Treadmill Crane
37:08 Murder Holes
37:14 Guard Tower
37:37 Fortified Wall
37:18 Arrowslits
37:41 Capped Ram
39:50 Siege Ram
42:26 Conscription
42:22 Logistica
41:39 Cavalier
42:22 Husbandry
41:43 Heavy Camel Rider
42:28 Elite Cataphract
46:32 Hoardings
45:55 Pikeman
46:38 Squires
46:29 Arson
46:45 Paladin
49:20 Chain Mail Armor
49:27 Chain Barding Armor
49:43 Iron Casting
49:26 Heavy Plow
50:13 Halberdier
53:04 Plate Barding Armor
53:00 Plate Mail Armor
Connection lost

Rejoining the realm…

Still unreachable

The connection could not be restored.

Session expired

The server has moved on; the page needs a fresh start.